 Dungeon Crawl Stone Soup version 0.28.0-53-g5a82cb258f (webtiles) character file.

Game seed: 5441911461205537909

99 DemonSlayer the Firebug (level 4, 0/30 HPs)
             Began as a Demonspawn Fire Elementalist on July 21, 2022.
             Slain by Ijyb
             ... wielding a +0 dagger of flaming
              (2 damage)
             ... on level 3 of the Dungeon.
             The game lasted 00:03:47 (2709 turns).

DemonSlayer the Firebug (DsFE)                      Turns: 2709, Time: 00:03:48

Health: 0/30       AC:  2    Str:  8    XL:     4   Next: 45%
Magic:  0/8        EV: 12    Int: 18    God:
Gold:   60         SH:  0    Dex: 14    Spells: 5/8 levels left

rFire   . . .      SeeInvis .   b - +0 dagger
rCold   . . .      Faith    .   (no shield)
rNeg    . . .      Spirit   .   a - +0 robe
rPois   .          Reflect  .   (no helmet)
rElec   .          Harm     .   (no cloak)
rCorr   .          Rampage  .   (no gloves)
Will    .....                   (no boots)
Stlth   ++........              (no amulet)
HPRegen 0.10/turn               d - ring of wizardry
MPRegen 0.11/turn               (no ring)

@: no status effects
A: condensation shield
a: no special abilities


You were on level 3 of the Dungeon.
You visited 1 branch of the dungeon, and saw 3 of its levels.

You collected 60 gold pieces.

Inventory:

Hand Weapons
 b - a +0 dagger (weapon)
Armour
 a - a +0 robe (worn)
Jewellery
 d - a ring of wizardry (left hand)
 e - a ring of ice
 g - a ring of ice
Scrolls
 c - 2 scrolls of brand weapon {unknown}
 f - a scroll of fear {unknown}
Potions
 h - 2 potions of magic {unknown}


   Skills:
 + Level 0.3 Short Blades
 + Level 2.1 Dodging
 + Level 2.2 Stealth
 + Level 0.3 Shields
 + Level 2.7 Spellcasting
 + Level 2.0 Conjurations
 + Level 3.4 Fire Magic


You had 5 spell levels left.
You knew the following spells:

 Your Spells              Type           Power      Damage    Failure   Level
a - Foxfire               Conj/Fire      48%        2x1d6     2%          1
b - Scorch                Fire           28%        2d6       2%          2

Your spell library contained the following spells:

 Spells                   Type           Power      Damage    Failure   Level
 Conjure Flame            Conj/Fire      12%        6-21      6%          3
 Static Discharge         Conj/Air       6%         N/A       7%          2
 Inner Flame              Hex/Fire       8%         N/A       11%         3
 Flame Wave               Conj/Fire      12%        2d6       21%         4
 Lightning Bolt           Conj/Air       3%         1d14      73%         5
 Maxwell's Capacitive Co  Air            1%         ∞         100%        8


Dungeon Overview and Level Annotations

Branches:
Dungeon (3/15)

Altars:

Annotations:
D:2 Terence
D:3 Ijyb


Innate Abilities, Weirdness & Mutations

A meltable shield of frost defends you. (SH +0)


Message History

Flames lash Ijyb.
Ijyb is moderately wounded.
Ijyb's fire resistance burns away.
You block Ijyb's attack.
Flames lash Ijyb.
Ijyb is moderately wounded.
Ijyb hits you with a +0 dagger of flaming.
Your condensation shield dissipates!
Ijyb burns you.
Flames lash Ijyb.
Ijyb is burned terribly!
Ijyb is heavily wounded.
Ijyb hits you with a +0 dagger of flaming.
Ijyb burns you.
Flames lash Ijyb.
Ijyb is burned terribly!
Ijyb is almost dead.
Ijyb hits you with a +0 dagger of flaming.
Ijyb burns you.
You are too injured to fight recklessly!
You hit Ijyb but do no damage.
Ijyb is almost dead.
Ijyb hits you with a +0 dagger of flaming.
Ijyb burns you.
You hit Ijyb but do no damage.
Ijyb is severely wounded.
Ijyb hits you with a +0 dagger of flaming.
* * * LOW HITPOINT WARNING * * *
Ijyb burns you.
* * * LOW HITPOINT WARNING * * *
You hit Ijyb but do no damage.
Ijyb is severely wounded.
Ijyb hits you with a +0 dagger of flaming.
* * * LOW HITPOINT WARNING * * *
Ijyb burns you.
* * * LOW HITPOINT WARNING * * *
You hit Ijyb but do no damage.
Ijyb is severely wounded.
Ijyb zaps a wand.
The bolt of acid misses you.
You hit Ijyb but do no damage.
Ijyb is severely wounded.
Ijyb hits you with a +0 dagger of flaming.
You die...

#####.# #.....#
#.######## #.#
#....#
#.###.##.####
#.....#.....#
###########.###
#g.........<#
#@#######.###
#.......†.#
###########


You could see Ijyb (combustible).

Vanquished Creatures
  An adder (D:3)
  4 gnolls (D:3)
  A shadow imp (D:3)
  2 dart slugs (D:3)
  2 ball pythons
  5 endoplasms
  2 giant cockroaches
  5 goblins
  2 hobgoblins
  3 kobolds (D:1)
  3 quokkas
  3 bats (D:1)
  A frilled lizard (D:1)
  3 rats
37 creatures vanquished.

Vanquished Creatures (collateral kills)
  4 foxfires (D:1)
4 creatures vanquished.

Vanquished Creatures (others)
  175 foxfires
175 creatures vanquished.

Grand Total: 216 creatures vanquished

Notes
Turn   | Place    | Note
-------+----------+-------------------------------------------
     0 | D:1      | DemonSlayer the Demonspawn Fire Elementalist began the
                  | quest for the Orb.
     0 | D:1      | Reached XP level 1. HP: 13/13 MP: 3/3
   529 | D:1      | Reached skill level 3 in Fire Magic
   582 | D:1      | Gained mutation: A meltable shield of frost defends you.
                  | (SH +0) [demonic ancestry]
   582 | D:1      | Reached XP level 2. HP: 19/19 MP: 1/5
  1688 | D:1      | Learned a level 2 spell: Scorch
  1786 | D:2      | Reached XP level 3. HP: 24/24 MP: 2/6
  1792 | D:2      | Noticed Terence
  2238 | D:3      | Reached XP level 4. HP: 10/30 MP: 0/7
  2698 | D:3      | Noticed Ijyb
  2709 | D:3      | Slain by Ijyb

Illustrated notes

Levels and vault maps discovered:
D:1:      elethiomel_arrival_infinity_welcomes_careful_drivers, layout_basic,
          serial_bayou, serial_bayou_shore_b, serial_bayou_pond_e,
          serial_bayou_pond_b, serial_bayou_shore_b
D:2:      layout_basic, uniq_crazy_yiuf_cottage, uniq_jessica, uniq_terence
D:3:      layout_basic, uniq_natasha, uniq_ijyb

Skill      XL: |  1  2  3  4 |
---------------+-------------+-----
Fire Magic     | 3 |  3.4
Stealth        | 2 |  2.2
Dodging        | 2 |  2.1
Conjurations   | 2 |  2.0
Short Blades   | |  0.3
Shields        | |  0.3
Spellcasting   | |  2.7

Action                   |  1- 3 |  4- 6 || total
-------------------------+-------+-------++-------
Melee: Dagger            |    61 |    16 ||    77
       Punch             |     1 |       ||     1
 Cast: Foxfire           |    86 |    22 ||   108
       Scorch            |       |     4 ||     4
 Stab: Sleeping          |     2 |     1 ||     3
Armor: Robe              |    12 |     2 ||    14
Dodge: Dodged            |    44 |     9 ||    53
Block: Other             |    11 |     3 ||    14
